 Dungeon Crawl Stone Soup version 0.30-a0-242-g7bf8e6d787 (webtiles) character file.

Game seed: 11884189893374714472

104 brknglss the Conjurer (level 4, -3/27 HPs)
             Began as an Octopode Conjurer on Oct 11, 2022.
             Slain by a gnoll
             ... wielding a +0 whip
              (9 damage)
             ... on level 2 of the Dungeon.
             The game lasted 00:07:43 (1622 turns).

brknglss the Conjurer (Octopode Conjurer)           Turns: 1622, Time: 00:07:44

Health: -3/27      AC:  1    Str:  8    XL:     4   Next: 80%
Magic:  6/7        EV: 13    Int: 20    God:
Gold:   214        SH:  0    Dex: 10    Spells: 4/7 levels left

rFire   . . .      SeeInvis .    c - +3 whip
rCold   . . .      Faith    .    (no shield)
rNeg    . . .      Spirit   .    (helmet restricted)
rPois   .          Reflect  .    (no amulet)
rElec   .          Harm     .    (no ring)
rCorr   .          Rampage  .    (no ring)
Will    .....                    (no ring)
Stlth   +++.......               (no ring)
HPRegen 0.24/turn                (no ring)
MPRegen 0.10/turn                (no ring)
                                 (no ring)
                                 (no ring)

@: no status effects
A: almost no armour, amphibious, 8 rings, camouflage 1, gelatinous body 1,
(nimble swimmer 1), tentacles
a: no special abilities


You were on level 2 of the Dungeon.
You visited 1 branch of the dungeon, and saw 2 of its levels.

You collected 214 gold pieces.

Inventory:

Hand Weapons
 c - a +3 whip (weapon)
Jewellery
 e - an amulet of faith
 g - a ring of magical power
Scrolls
 h - a scroll of acquirement {unknown}
 k - a scroll of enchant armour {unknown}
 l - a scroll of immolation {unknown}
 m - a scroll of summoning {unknown}
Potions
 a - a potion of magic
 b - a potion of curing {unknown}
 d - 4 potions of might {unknown}
 f - 2 potions of mutation {unknown}
 i - a potion of degeneration {unknown}
 j - a potion of resistance {unknown}


   Skills:
 * Level 3.1 Dodging
 + Level 3.7 Stealth
 + Level 2.4 Spellcasting
 * Level 4.8 Conjurations


You had 4 spell levels left.
You knew the following spells:

 Your Spells              Type           Power      Damage    Failure   Level
a - Magic Dart            Conj           84%        1d7       1%          1
b - Searing Ray           Conj           42%        2d6       3%          2

Your spell library contained the following spells:

 Spells                   Type           Power      Damage    Failure   Level
 Dazzling Flash           Conj/Hex       24%        N/A       17%         3
 Fulminant Prism          Conj/Hex       6%         3d7       50%         4
 Iskenderun's Mystic Bla  Conj/Tloc      12%        2d5       50%         4


Dungeon Overview and Level Annotations

Branches:
Dungeon (2/15)

Altars:
Gozag

Shops:
D:1 =


Innate Abilities, Weirdness & Mutations

You cannot wear most types of armour.
You are amphibious.
You can wear up to eight rings at the same time.
Your skin changes colour to match your surroundings (Stealth+).
Your rubbery body absorbs attacks. (AC +1, EV +1)
((You are camouflaged when in or above water. (Stealth+)))
You have tentacles for arms and can constrict up to eight enemies at once.


Message History

The gnoll is lightly wounded.
The gnoll closely misses you.
You closely miss the gnoll. Your grab misses the gnoll.
The gnoll is lightly wounded.
The gnoll completely misses you. The gnoll closely misses you.
You barely miss the gnoll. You grab the gnoll.
The gnoll is lightly wounded.
You constrict the gnoll, but do no damage.
The gnoll hits you with a +0 club.
You hit the gnoll.
The gnoll is moderately wounded.
You constrict the gnoll. The gnoll hits you with a +0 club.
You hit the gnoll. You squeeze the gnoll.
You kill the gnoll!
You hit the gnoll. Your grab misses the gnoll.
The gnoll is lightly wounded.
The gnoll closely misses you.
You hit the gnoll. Your grab misses the gnoll. You squeeze the gnoll.
The gnoll is moderately wounded.
The gnoll hits you with a +0 whip.
You hit the gnoll. Your grab misses the gnoll.
The gnoll is heavily wounded.
The gnoll hits you with a +0 whip.
You closely miss the gnoll. Your grab misses the gnoll.
Your squeeze misses the gnoll.
The gnoll is heavily wounded.
The gnoll barely misses you.
You closely miss the gnoll. Your grab misses the gnoll.
The gnoll is heavily wounded.
The gnoll hits you with a +0 whip!
* * * LOW HITPOINT WARNING * * *
Casting: Searing Ray (safe; 3% risk of failure)
Confirm with . or Enter, or press ? or * to list all spells.
Aiming: Magic Dart (safe; 1% risk of failure)
Press: ? - help, Shift-Dir - straight line, f - gnoll
Aim: a gnoll, wielding a +0 whip (heavily wounded, 100% to hit)
The magic dart hits the gnoll.
The gnoll is heavily wounded.
The gnoll hits you with a +0 whip!
You die...

### #............g. #.#
#...........##. ##.#
#>............. ########## #..#
#..........#### #........# #.##
##.........##.. #........# ###.#
##.g.......##.[ #........###.^.##
#..........##..
#.......).......###..........##..
#.........#####.@g...............
#.........# #####..........#...
#.........# #...[......#...
#########.## ##.............
##...>#### ##.........###
##..##....# ##.......##
#..######.### ###..#....#####
#.## #...###.............. #.#
####...............####


You could see a gnoll.

Vanquished Creatures
  5 gnolls (D:2)
  2 adders (D:2)
  A worm (D:2)
  5 bats
  4 endoplasms
  A giant cockroach (D:1)
  2 goblins (D:1)
  4 hobgoblins
  2 quokkas
  3 ball pythons (D:1)
  A frilled lizard (D:1)
  6 kobolds
36 creatures vanquished.

Notes
Turn   | Place    | Note
-------+----------+-------------------------------------------
     0 | D:1      | brknglss the Octopode Conjurer began the quest for the Orb.
     0 | D:1      | Reached XP level 1. HP: 11/11 MP: 3/3
   176 | D:1      | Reached XP level 2. HP: 17/17 MP: 1/5
   587 | D:1      | Found Ronaud's Jewellery Boutique.
   720 | D:1      | Reached XP level 3. HP: 21/21 MP: 3/6
   953 | D:2      | Learned a level 2 spell: Searing Ray
  1081 | D:2      | Identified the +1 helmet "Iqoigec" {MP-9 Dex+5 SInv}
  1085 | D:2      | Found an opulent altar of Gozag.
  1359 | D:2      | Noticed an ogre
  1390 | D:2      | Reached XP level 4. HP: 20/27 MP: 0/7
  1622 | D:2      | Slain by a gnoll

Illustrated notes

Levels and vault maps discovered:
D:1:      lemuel_arrival_broad_hall, layout_basic, serial_shops, shop
D:2:      layout_rooms, basic_altar, lightli_corner_chamber

Skill      XL: |  1  2  3  4 |
---------------+-------------+-----
Stealth        | 3 |  3.7
Dodging        | 3 |  3.1
Spellcasting   | |  2.4
Conjurations   | |  4.8

Action                   |  1- 3 |  4- 6 || total
-------------------------+-------+-------++-------
Melee: Whip              |     7 |    18 ||    25
       Constrict         |     2 |     3 ||     5
       Tentacles         |     1 |     3 ||     4
 Cast: Magic Dart        |    51 |     1 ||    52
       Searing Ray       |     2 |       ||     2
Armor: Skin              |     1 |       ||     1
Dodge: Dodged            |     8 |     9 ||    17

Table legend: (Time is in decaauts)
 A = Elapsed time spent in this place.
 B = Non-inter-level travel time spent in this place.
 C = Inter-level travel time spent in this place.
 D = Time resting spent in this place.
 E = Time spent auto-exploring this place.
 F = Levels seen in this place.
 G = Mean time per level.
                   A        B        C        D        E       F      G
               +--------+--------+--------+--------+--------+-----+--------+
         Total |   1623 |   1614 |      9 |    547 |    647 |   2 |  811.5 |
       Dungeon |   1623 |   1614 |      9 |    547 |    647 |   2 |  811.5 |
               +--------+--------+--------+--------+--------+-----+--------+

Top non-repeatable levels by time:
     D:1: 947 daAuts
     D:2: 676 daAuts
